 Dungeon Crawl Stone Soup version 0.25-a0-290-g4a1327ee3a (webtiles) character file.

Game seed: 15875113048012599370, levelgen mode: deterministic

53 Lanoc the Ducker (level 3, 0/16 HPs)
             Began as a Spriggan Summoner on Dec 13, 2019.
             Was an Initiate of Sif Muna.
             Succumbed to an adder's poison
             ... on level 3 of the Dungeon.
             The game lasted 00:06:00 (2289 turns).

Lanoc the Ducker (Spriggan Summoner)                Turns: 2289, Time: 00:06:01

Health: 0/16       AC:  2    Str:  9    XL:     3   Next: 64%
Magic:  7/9        EV: 19    Int: 17    God:    Sif Muna [......]
Gold:   72         SH:  0    Dex: 16    Spells: 3/9 levels left

rFire    . . .     SeeInvis +   (weapon restricted)
rCold    + . .     Gourm    .   (shield restricted)
rNeg     . . .     Faith    .   a - +0 robe
rPois    .         Spirit   .   (helmet restricted)
rElec    .         Reflect  .   (no cloak)
rCorr    .         Harm     .   (gloves unavailable)
MR       .....                  (boots unavailable)
Stlth    ++........             (no amulet)
HPRegen  0.05/turn              h - ring of protection from cold
MPRegen  0.11/turn              (no ring)

@: mighty, lethally poisoned (0 -> -5), flying, very quick
A: very small, unfitting armour, see invisible, herbivore, speed 3, slow
metabolism 2
a: Renounce Religion


You were on level 3 of the Dungeon.
You worshipped Sif Muna.
Sif Muna was noncommittal.
You were very hungry.

You visited 1 branch of the dungeon, and saw 3 of its levels.

You collected 72 gold pieces.

Inventory:

Armour
 a - a +0 robe (worn)
Jewellery
 h - a ring of protection from cold (left hand)
Wands
 e - a wand of random effects (9)
Scrolls
 b - a scroll of identify
 g - a scroll of remove curse
 j - 2 scrolls of fog
Comestibles
 c - 7 rations


   Skills:
 + Level 4.1 Dodging
 - Level 3.0 Stealth
 + Level 3.6 Spellcasting
 + Level 3.7 Summonings


You had 3 spell levels left.
You knew the following spells:

 Your Spells              Type           Power        Failure   Level  Hunger
a - Summon Small Mammal   Summ           ###.         3%          1    None
b - Call Imp              Summ           ###.....     5%          2    ##.....
c - Call Canine Familiar  Summ           ###.....     11%         3    ###....

Your spell library contained the following spells:

 Spells                   Type           Power        Failure   Level  Hunger
 Summon Guardian Golem    Hex/Summ       #.......     22%         3    ###....
 Summon Ice Beast         Ice/Summ       #.......     58%         4    ####...
 Summon Lightning Spire   Summ/Air       #.......     58%         4    ####...


Dungeon Overview and Level Annotations

Branches:
Dungeon (3/15)

Altars:
Dithmenos
Kikubaaqudgha
Sif Muna
Trog
Xom


Innate Abilities, Weirdness & Mutations

You are very small and have problems with some larger weapons.
You are too small for most types of armour.
You have supernaturally acute eyesight. (SInv)
You are a herbivore.
You cover ground extremely quickly.
You need to consume almost no food.


Message History

* * * LOW HITPOINT WARNING * * *
You feel sick.
As you read the scroll labeled WOENLEAWOI, it crumbles to dust.
It is a scroll of identify.
j - 2 scrolls of fog
As you read the scroll labeled WIS KETHU EPE, it crumbles to dust.
You feel aware of your surroundings.
You sensed 2 altars.
It was a scroll of magic mapping.
As you read the scroll labeled TIONYT OKHLU, it crumbles to dust.
You feel strangely unstable.
It was a scroll of teleportation.
As you read the scroll labeled XEWAQANEXE, it crumbles to dust.
You feel blessed for a moment.
It was a scroll of remove curse.
* * * LOW HITPOINT WARNING * * *
You feel sick.
You swap places.
Your surroundings suddenly seem different.
A bat comes into view.
Found a ration.
Found a stone staircase leading up.
Found a glowing silver wand.
You die...

*,,,,,,#.#..#.#*******##..##.#
*,*,#,,*.#..#.# #...#...
*,*,#.,#,...#.# #####...#...
*,*,...#b#..#.# #.......#.#.
*,*,,.<.....#.#####.......#...
*,*,#..#..#.......+......†####
*,*,#....%....#***#....#......
*,*,#..#..#.#.# #..,,#.#####
*,*,*....,#.#@# #,,,,#.#
*,*,#..#,*#.### *,,,,#.#####
*,*,#.,*,*#+#* *,,,,#......
*,*,#,,,,,,,,* *****###.<..
*,*,*,,***,,,* #....
*,*,*,,,,+,,,* #....
*,*,**,***,,,* #.... *,*,**,*
*,,,* ##### *,*,**,*
*,,,********


There were no monsters in sight!

Vanquished Creatures
  An adder (D:2)
  A dart slug (D:2)
  An orc (D:2)
  2 bats
  2 giant cockroaches
  2 goblins
  A hobgoblin (D:1)
  3 rats
13 creatures vanquished.

Vanquished Creatures (collateral kills)
  An adder (D:3)
  A worm (D:2)
  A dart slug (D:1)
  An orc (D:3)
  7 bats
  3 giant cockroaches
  6 goblins
  4 hobgoblins (D:2)
  2 quokkas (D:2)
  3 kobolds
  4 rats
  A butterfly (D:2)
34 creatures vanquished.

Grand Total: 47 creatures vanquished

Notes
Turn   | Place    | Note
-------+----------+-------------------------------------------
     0 | D:1      | Lanoc the Spriggan Summoner began the quest for the Orb.
     0 | D:1      | Reached XP level 1. HP: 9/9 MP: 5/5
   515 | D:1      | Reached XP level 2. HP: 13/13 MP: 5/7
   521 | D:1      | Learned a level 2 spell: Call Imp
  1005 | D:2      | Found a shimmering blue altar of Sif Muna.
  1034 | D:2      | Became a worshipper of Sif Muna the Loreminder
  1332 | D:2      | Reached XP level 3. HP: 4/16 MP: 2/8
  1392 | D:2      | Found a shadowy altar of Dithmenos.
  1396 | D:2      | Found an ancient bone altar of Kikubaaqudgha.
  1399 | D:2      | Found a bloodstained altar of Trog.
  1718 | D:2      | Found a shimmering altar of Xom.
  1733 | D:2      | Reached skill level 4 in Dodging
  2045 | D:2      | Learned a level 3 spell: Call Canine Familiar
  2289 | D:3      | Succumbed to an adder's poison

Levels and vault maps discovered:
D:1:      wander_arrival_peaceful_grave, layout_loops_ring, serial_bayou_pond_d,
          chequers_serial_rivers_marsh, minmay_tall_x
D:2:      layout_basic, xom_butterflies, lemuel_crystal_altar,
          minmay_overflow_temple_star_quad, first_ration
D:3:      layout_basic, lemuel_round_altar, lemuel_angel_altar

Skill      XL: |  1  2  3 |
---------------+----------+-----
Spellcasting   | 3 |  3.6
Dodging        | 4 |  4.1
Stealth        | |  3.0
Summonings     | |  3.7

Action                   || total
-------------------------++-------
Melee: Unarmed           ||   209
 Cast: Summon Small Mamm ||     8
       Call Imp          ||    27
       Call Canine Famil ||     1
  Use: Scroll            ||     4
       Potion            ||     4
 Stab: Sleeping          ||     6
       Distracted        ||     1
Armor: Robe              ||    27
Dodge: Dodged            ||   241

Table legend:
 A = Non-vault XP
 B = Vault XP
 C = Vault XP percentage of total XP
 D = Non-vault monster count
 E = Vault monster count
 F = Vault count percentage of total count
                 A         B        C        D         E       F
            +---------+---------+-------+---------+---------+-------
      Total |      73 |       4 |   5.2 |      42 |       4 |   8.7
            +---------+---------+-------+---------+---------+-------
        D:1 |      20 |       4 |  16.7 |      15 |       4 |  21.1
        D:2 |      42 |       0 |   0.0 |      24 |       0 |   0.0
        D:3 |      11 |       0 |   0.0 |       3 |       0 |   0.0
            +---------+---------+-------+---------+---------+-------
